 Dungeon Crawl Stone Soup version 0.28.0-53-g5a82cb258f (webtiles) character file.

Game seed: 9242236011017411443

299 Zeld the Ogre Mage (level 6, -2/53 HPs)
             Began as an Ogre Fire Elementalist on June 6, 2022.
             Slain by a mummy (18 damage)
             ... in an ossuary.
             The game lasted 00:04:44 (4226 turns).

Zeld the Ogre Mage (Ogre Fire Elementalist)         Turns: 4226, Time: 00:04:45

Health: -2/53      AC:  3    Str: 13    XL:     6   Next: 36%
Magic:  2/12       EV: 10    Int: 18    God:
Gold:   123        SH:  0    Dex:  9    Spells: 0/14 levels left

rFire   . . .      SeeInvis .   r - +11 whip of Grace {flame, rC+}
rCold   + . .      Faith    .   (no shield)
rNeg    . . .      Spirit   .   a - +0 robe
rPois   .          Reflect  .   (helmet restricted)
rElec   .          Harm     .   (no cloak)
rCorr   .          Rampage  .   (gloves unavailable)
Will    .....                   (boots unavailable)
Stlth   +.........              k - amulet of regeneration
HPRegen 0.97/turn               b - ring of flight
MPRegen 0.13/turn               (no ring)

@: flying, very slightly contaminated
A: large, unfitting armour, tough skin 1
a: no special abilities


You were in an ossuary.
You visited 1 branch of the dungeon, and saw 4 of its levels.
You also visited: Ossuary.

You collected 123 gold pieces.

Inventory:

Hand Weapons
 r - the +11 whip of Grace (weapon) {flame, rC+}
   (You found it on level 3 of the Dungeon)

   It burns those it strikes, dealing additional fire damage.
   rC:        It protects you from cold.
Armour
 a - a +0 robe (worn)
Jewellery
 b - a ring of flight (left hand)
 k - an amulet of regeneration (around neck)
 q - a ring of positive energy
Scrolls
 c - 2 scrolls of teleportation {unknown}
 e - a scroll of immolation {unknown}
 f - 2 scrolls of blinking {unknown}
 i - a scroll of fear {unknown}
 l - a scroll of fog {unknown}
 m - a scroll of identify {unknown}
 n - a scroll of magic mapping {unknown}
 p - a scroll of amnesia {unknown}
 s - a scroll of enchant weapon {unknown}
Potions
 d - 2 potions of lignification {unknown}
 g - a potion of haste {unknown}
 h - a potion of resistance {unknown}
 j - a potion of might {unknown}
 o - a potion of magic {unknown}
 t - 2 potions of brilliance {unknown}


   Skills:
 + Level 2.9 Dodging
 - Level 1.4 Stealth
 * Level 4.6 Spellcasting
 + Level 2.2 Conjurations
 * Level 4.2 Fire Magic


You couldn't memorise any spells.
You knew the following spells:

 Your Spells              Type           Power      Damage    Failure   Level
a - Foxfire               Conj/Fire      60%        2x1d7     3%          1
b - Scorch                Fire           38%        2d7       3%          2
c - Inner Flame           Hex/Fire       11%        N/A       17%         3
d - Sticky Flame          Conj/Fire      15%        2d4       36%         4
e - Flame Wave            Conj/Fire      15%        2d6       36%         4

Your spell library contained the following spells:

 Spells                   Type           Power      Damage    Failure   Level
 Conjure Flame            Conj/Fire      15%        6-21      11%         3
 Static Discharge         Conj/Air       8%         N/A       13%         2
 Dispel Undead            Necr           4%         3d7       80%         4


Dungeon Overview and Level Annotations

Branches:
Dungeon (4/15)            Ossuary (1/1)
 Temple: D:4-7

Altars:
Trog
Xom

Shops:
D:3 (


Innate Abilities, Weirdness & Mutations

You are too large for most types of armour.
You have tough skin. (AC +1)


Message History

Okay, then.
This spell is quite dangerous to cast!
Memorise Flame Wave, consuming 4 spell levels and leaving 0?
You start memorising the spell.
You continue memorising. x4
You finish memorising.
Spell assigned to 'e'.
You whack the gnoll zombie! You burn the gnoll zombie.
You destroy the gnoll zombie!
The hobgoblin zombie hits you.
A mummy comes into view.
The hobgoblin zombie hits you but does no damage.
The orc zombie hits you.
You hit the mummy. You burn the mummy.
The mummy is lightly damaged.
The hobgoblin zombie hits you but does no damage.
The hobgoblin zombie hits you.
You hit the mummy. You burn the mummy.
The mummy is severely damaged.
The hobgoblin zombie hits you but does no damage.
The hobgoblin zombie completely misses you.
The mummy hits you!
You whack the mummy! You burn the mummy.
You destroy the mummy!
The hobgoblin zombie closely misses you.
You whack the mummy! You burn the mummy.
You destroy the mummy!
The mummy hits you! The hobgoblin zombie hits you.
* * * LOW HITPOINT WARNING * * *
The orc zombie closely misses you.
Unknown command.
Casting: Scorch (safe; 3% risk of failure)
Confirm with . or Enter, or press ? or * to list all spells.
The spell is quite dangerous to miscast (36% risk of failure)!
Continue anyway?
Casting: Flame Wave (quite dangerous; 36% risk of failure)
Press: ? - help, Dir - look around, f - activate You miscast Flame Wave.
You are very lightly contaminated with residual magic.
Nothing appears to happen.
The hobgoblin zombie closely misses you.
The mummy hits you!!
You die...

.........
.......
......
#....#
#....#
#...M#
#..MZ#
#.ZMZ#
#..@Z#
#....#
#....#
#.∩∩.#
######


You could see 3 mummies, 3 hobgoblin zombies and an orc zombie.

Vanquished Creatures
  Sigmund (D:3)
  Robin (D:3)
  2 mummies (Ossuary)
  3 adders
  A white imp (D:3)
  2 worms (D:2)
  4 orcs (D:4)
  8 endoplasms
  5 giant cockroaches
  11 goblins
  3 hobgoblins
  7 jackals
  5 kobolds
  3 quokkas
  4 ball pythons
  A bat (D:2)
  3 frilled lizards
  2 gnoll zombies (Ossuary)
  A kobold zombie (Ossuary)
  An orc zombie (Ossuary)
  6 rats
74 creatures vanquished.

Vanquished Creatures (others)
  97 foxfires
97 creatures vanquished.

Grand Total: 171 creatures vanquished

Notes
Turn   | Place    | Note
-------+----------+-------------------------------------------
     0 | D:1      | Zeld the Ogre Fire Elementalist began the quest for the
                  | Orb.
     0 | D:1      | Reached XP level 1. HP: 16/16 MP: 3/3
   297 | D:1      | Reached skill level 1 in Conjurations
   322 | D:1      | Reached XP level 2. HP: 21/24 MP: 0/5
  1144 | D:1      | Learned a level 2 spell: Scorch
  1470 | D:2      | Reached XP level 3. HP: 29/31 MP: 2/7
  1474 | D:2      | Learned a level 3 spell: Inner Flame
  2697 | D:3      | Found Tiqeur Ciuq's Weapon Emporium.
  2715 | D:3      | Reached XP level 4. HP: 39/39 MP: 1/9
  2799 | D:3      | Found a shimmering altar of Xom.
  3014 | D:3      | Found a bloodstained altar of Trog.
  3091 | D:3      | Noticed Sigmund
  3115 | D:3      | Killed Sigmund
  3116 | D:3      | Reached XP level 5. HP: 45/45 MP: 1/11
  3116 | D:3      | Reached XP level 6. HP: 53/53 MP: 1/12
  3145 | D:3      | Learned a level 4 spell: Sticky Flame
  3166 | D:3      | Noticed Robin
  3303 | D:3      | Killed Robin
  3516 | D:3      | Found a faded altar of an unknown god.
  3829 | D:3      | Identified the +11 whip of Grace {flame, rC+}
  4126 | D:4      | Found a sand-covered staircase.
  4204 | Ossuary  | Entered an ossuary
  4220 | Ossuary  | Learned a level 4 spell: Flame Wave
  4226 | Ossuary  | Slain by a mummy

Illustrated notes

Levels and vault maps discovered:
D:1:      wheals_arrival_shading, layout_loops_ring
D:2:      layout_loops_ring, kennysheep_donut
D:3:      layout_loops_ring, bloody_trog, overflow_temple_1_default,
          chequers_ecumenical_altar_twisty, serial_shops,
          nicolae_shop_statue_plus, amcnicky_mini_pool_small, uniq_sigmund,
          uniq_robin
D:4:      layout_layer_cave, nicolae_ossuary_entry_false_entrances
Ossuary:  ossuary_tomb_3

Skill      XL: |  1  2  3  4 |
---------------+-------------+-----
Conjurations   | 1 2 |  2.2
Dodging        | 2 |  2.9
Fire Magic     | 3 4 |  4.2
Spellcasting   | 3 4 |  4.6
Stealth        | |  1.4

Action                   |  1- 3 |  4- 6 || total
-------------------------+-------+-------++-------
Melee: Unarmed           |    37 |    46 ||    83
       Whip              |       |     5 ||     5
 Cast: Foxfire           |    67 |     5 ||    72
       Scorch            |    23 |    31 ||    54
       Sticky Flame      |       |     2 ||     2
 Stab: Sleeping          |       |     1 ||     1
Armor: Robe              |    18 |    20 ||    38
Dodge: Dodged            |    25 |    53 ||    78
